 Dungeon Crawl Stone Soup version 0.24-a0-778-g74da537585 (webtiles) character file.

Game seed: 7795330337988542623, levelgen mode: deterministic

5964 Kohma the Protected (level 10, -1/79 HPs)
             Began as a Gnoll Wanderer on Oct 7, 2019.
             Was a Priest of Qazlal.
             Slain by a wolf (5 damage)
             ... led by Grum
             ... on level 8 of the Dungeon.
             The game lasted 00:29:16 (8321 turns).

Kohma the Protected (Gnoll Wanderer)                Turns: 8321, Time: 00:29:17

Health: -1/79      AC: 25    Str: 16    XL:     10   Next: 84%
Magic:  18/18      EV:  8    Int: 17    God:    Qazlal [***...]
Gold:   332        SH:  7    Dex: 14    Spells: 20/20 levels left

rFire    + . .     SeeInvis +   y - +0 executioner's axe "Sewaz" {chop, rF+ rC- rN+ MR+}
rCold    x . .     Gourm    .   (shield currently unavailable)
rNeg     + . .     Faith    .   q - +0 plate armour
rPois    .         Spirit   .   F - +2 hat
rElec    .         Reflect  +   (no cloak)
rCorr    .         Harm     .   (no gloves)
MR       +....                  w - +1 pair of boots
Stlth    ..........             E - +4 amulet of reflection
HPRegen  0.23/turn              i - ring of see invisible
MPRegen  0.16/turn              r - +5 ring of protection

@: no status effects
A: distributed training, fangs 1, strong nose
a: Upheaval, Elemental Force, Renounce Religion


You were on level 8 of the Dungeon.
You worshipped Qazlal.
Qazlal was most pleased with you.
You were not hungry.

You visited 2 branches of the dungeon, and saw 9 of its levels.

You collected 416 gold pieces.
You spent 84 gold pieces at shops.

Inventory:

Hand Weapons
 p - a +3 vampiric whip
 u - a +1 flail of holy wrath
 y - the +0 executioner's axe "Sewaz" (weapon) {chop, rF+ rC- rN+ MR+}
   (You acquired it on level 7 of the Dungeon)

   It inflicts extra damage upon your enemies.
   It protects you from fire.
   It makes you vulnerable to cold.
   It protects you from negative energy.
   It affects your resistance to hostile enchantments.
 D - a +0 falchion of holy wrath
Missiles
 d - a throwing net
 e - 192 stones
 m - 34 poisoned darts (quivered)
 n - 90 arrows
 o - 4 atropa-tipped darts
 v - 39 bolts
Armour
 q - a +0 plate armour (worn)
 w - a +1 pair of boots (worn)
 F - a +2 hat (worn)
 G - a +0 buckler
 P - a +3 leather armour of cold resistance
Jewellery
 i - a ring of see invisible (left hand)
 r - a +5 ring of protection (right hand)
 x - an uncursed ring of wizardry
 E - a +4 amulet of reflection (around neck)
 N - a cursed -3 ring of dexterity {unknown}
Wands
 t - a wand of flame (27)
 I - a wand of digging (5)
 M - a wand of random effects (23)
Scrolls
 a - 3 scrolls of enchant armour
 b - 3 scrolls of teleportation
 h - 4 scrolls of remove curse
 C - a scroll of immolation
 J - 3 scrolls of amnesia
 O - a scroll of blinking
Potions
 c - 2 potions of lignification
 g - 2 potions of agility
 j - 4 potions of heal wounds
 k - 2 potions of haste
 l - 3 potions of mutation
 s - 3 potions of cancellation
 z - 5 potions of curing
 A - 2 potions of resistance
 B - 2 potions of ambrosia
 H - 2 potions of might {unknown}
 K - 3 potions of brilliance
 L - 2 potions of flight {unknown}
Comestibles
 f - 12 rations
 Q - 6 chunks of flesh


   Skills:
 + Level 7.3 Fighting
 + Level 5.5 Short Blades
 + Level 5.5 Long Blades
 + Level 5.5 Axes
 + Level 5.5 Maces & Flails
 + Level 5.5 Polearms
 + Level 5.5 Staves
 + Level 5.5 Slings
 + Level 5.5 Bows
 + Level 5.5 Crossbows
 + Level 7.3 Throwing
 + Level 13.0 Armour
 + Level 5.5 Dodging
 + Level 5.5 Stealth
 + Level 5.5 Shields
 + Level 5.5 Unarmed Combat
 + Level 5.5 Spellcasting
 + Level 4.6 Conjurations
 + Level 4.6 Hexes
 + Level 4.6 Charms
 + Level 4.6 Summonings
 + Level 4.6 Necromancy
 + Level 4.6 Translocations
 + Level 4.6 Transmutations
 + Level 4.6 Fire Magic
 + Level 4.6 Ice Magic
 + Level 4.6 Air Magic
 + Level 4.6 Earth Magic
 + Level 4.6 Poison Magic
 + Level 6.1 Invocations
 + Level 5.5 Evocations


You had 20 spell levels left.
You didn't know any spells.
Your spell library contained the following spells:

 Spells                   Type           Power        Failure   Level  Hunger
 Confusing Touch          Hex            ###...       43%         1    None
 Shock                    Conj/Air       ###.         43%         1    None
 Swiftness                Chrm/Air       ###.....     58%         2    #......
 Confuse                  Hex            ###.....     82%         3    ##.....
 Gell's Gravitas          Tloc           ###.......   82%         3    ##.....
 Static Discharge         Conj/Air       ###.....     82%         3    ##.....
 Airstrike                Air            ###.......   99%         4    ####...
 Petrify                  Tmut/Erth      ###.....     99%         4    ####...
 Lightning Bolt           Conj/Air       ###.......   100%        5    ######.
 Metabolic Englaciation   Hex/Ice        ###.......   100%        5    ######.
 Yara's Violent Unravell  Hex/Tmut       ###.......   100%        5    ######.


Dungeon Overview and Level Annotations

Branches:
Dungeon (8/15)             Temple (1/1) D:6
   Lair: D:8-11

Altars:
Ashenzari
Cheibriados
Dithmenos
Elyvilon
Fedhas
Kikubaaqudgha
Makhleb
Okawaru
Qazlal
Ru
Sif Muna
Trog
Vehumet
Wu Jian
Xom
Zin
The Shining One

Shops:
D:5 }%:=*

Annotations:
D:8 Grum


Innate Abilities, Weirdness & Mutations

Your experience applies equally to all skills.
You have very sharp teeth.
Your uncanny sense of smell can sniff out nearby items.


Message History

Qazlal accepts your kill.
You miss the wolf.
The wolf bites you but does no damage. x2
The wolf closely misses you.
Grum hits you from afar with a -1 halberd of flaming.
* * * LOW HITPOINT WARNING * * *
You closely miss the wolf. You block the wolf's attack. x2
You block Grum's attack. The wolf bites you but does no damage.
Your plate armour prevents you from hitting the wolf.
The wolf bites you.
* * * LOW HITPOINT WARNING * * *
You block Grum's attack.
The wolf bites you but does no damage. x2
Grum hits you from afar with a -1 halberd of flaming!
* * * LOW HITPOINT WARNING * * *
Grum burns you.
* * * LOW HITPOINT WARNING * * *
You miss the wolf. You block the wolf's attack. x2
Grum hits you from afar with a -1 halberd of flaming.
* * * LOW HITPOINT WARNING * * *
The wolf bites you.
You die...

##..÷..## ##<...<..## #.
.....# #.....)...# #. ......#
#.........###.#. ......
#.............#. ##.#.##
#..........####.## #......
#..........# #..###...# ##.
##.........#####h##...###....
#..........†@hghh...........#
#.........######o............
#.........# #.[#.)#.......
#.....>...# #......#.......
#.........# #......#.......
##........# #......##......
##.....#.# ........# .....#
####.##.# ........# ......
#.#..# ..#......# ......


You could see Grum, 4 wolves and an orc.

Vanquished Creatures
  Gastronok (D:8)
  Pikel (D:5)
  3 hippogriffs
  Eustachio (D:5)
  2 water moccasins (D:7)
  An orc warrior (D:6)
  A slave (D:5)
  A black bear (D:8)
  3 ice beasts
  2 sky beasts
  A necrophage (D:5)
  A phantom (D:5)
  3 ogres
  A water moccasin zombie (D:5)
  3 scorpions (D:7)
  10 killer bees
  3 vampire bats (D:2)
  3 crimson imps
  6 hounds
  7 orc wizards
  4 orc priests
  4 jellies
  An iguana (D:6)
  4 worker ants
  A killer bee zombie (D:8)
  7 gnolls (D:5)
  6 adders
  An ooze (D:2)
  An adder zombie (D:7)
  2 worms
  3 dart slugs
  5 leopard geckos
  23 orcs
  12 bats
  6 bat skeletons (D:2)
  A bat zombie (D:2)
  2 giant cockroaches
  7 goblins
  7 hobgoblins
  11 jackals
  4 kobolds
  6 quokkas
  3 ball pythons
  3 frilled lizards
  A leopard gecko skeleton (D:6)
  2 leopard gecko zombies
  6 rats
  A butterfly (D:7)
188 creatures vanquished.

Vanquished Creatures (others)
  2 slaves (D:5)
  A centaur (D:6)
3 creatures vanquished.

Grand Total: 191 creatures vanquished

Notes
Turn   | Place    | Note
-------+----------+-------------------------------------------
     0 | D:1      | Reached skill level 12 in Armour
     0 | D:1      | Kohma the Gnoll Wanderer began the quest for the Orb.
     0 | D:1      | Kohma set off with the following items: a +0 club, a scroll
                  | of teleportation, a potion of lignification, a +2 scale
                  | mail, a ration
     0 | D:1      | Reached XP level 1. HP: 20/20 MP: 1/1
   108 | D:1      | Reached XP level 2. HP: 25/26 MP: 2/2
   940 | D:2      | Reached XP level 3. HP: 31/31 MP: 3/3
  1212 | D:2      | Reached skill level 1 in Invocations
  1270 | D:2      | Reached skill level 1 in Short Blades
  1270 | D:2      | Reached skill level 1 in Long Blades
  1270 | D:2      | Reached skill level 1 in Axes
  1270 | D:2      | Reached skill level 1 in Maces & Flails
  1270 | D:2      | Reached skill level 1 in Polearms
  1270 | D:2      | Reached skill level 1 in Staves
  1270 | D:2      | Reached skill level 1 in Slings
  1270 | D:2      | Reached skill level 1 in Bows
  1270 | D:2      | Reached skill level 1 in Crossbows
  1270 | D:2      | Reached skill level 1 in Dodging
  1270 | D:2      | Reached skill level 1 in Stealth
  1270 | D:2      | Reached skill level 1 in Shields
  1270 | D:2      | Reached skill level 1 in Unarmed Combat
  1270 | D:2      | Reached skill level 1 in Spellcasting
  1270 | D:2      | Reached skill level 1 in Evocations
  1336 | D:2      | Reached XP level 4. HP: 38/38 MP: 5/5
  1722 | D:2      | Found an ancient bone altar of Kikubaaqudgha.
  1743 | D:2      | Reached skill level 1 in Conjurations
  1743 | D:2      | Reached skill level 1 in Hexes
  1743 | D:2      | Reached skill level 1 in Charms
  1743 | D:2      | Reached skill level 1 in Summonings
  1743 | D:2      | Reached skill level 1 in Necromancy
  1743 | D:2      | Reached skill level 1 in Translocations
  1743 | D:2      | Reached skill level 1 in Transmutations
  1743 | D:2      | Reached skill level 1 in Fire Magic
  1743 | D:2      | Reached skill level 1 in Ice Magic
  1743 | D:2      | Reached skill level 1 in Air Magic
  1743 | D:2      | Reached skill level 1 in Earth Magic
  1743 | D:2      | Reached skill level 1 in Poison Magic
  1769 | D:2      | Reached XP level 5. HP: 25/43 MP: 5/7
  2208 | D:3      | Reached XP level 6. HP: 47/50 MP: 8/8
  2526 | D:3      | Found a glowing silver altar of Zin.
  2676 | D:4      | Found a stormy altar of Qazlal.
  2678 | D:4      | Noticed a water elemental
  2679 | D:4      | Noticed a fire elemental
  2679 | D:4      | Noticed an air elemental
  2684 | D:4      | Became a worshipper of Qazlal Stormbringer
  2935 | D:4      | Found an ornate altar of the Wu Jian Council.
  2957 | D:4      | Reached skill level 5 in Fighting
  2957 | D:4      | Reached skill level 5 in Throwing
  3196 | D:5      | Entered Level 5 of the Dungeon
  3242 | D:5      | Found a sacrificial altar of Ru.
  3300 | D:5      | Found Zewe's Assorted Antiques.
  3308 | D:5      | Noticed a slave
  3308 | D:5      | Noticed a slave
  3308 | D:5      | Noticed a slave
  3308 | D:5      | Noticed Pikel
  3309 | D:5      | Noticed a slave
  3358 | D:5      | Killed a slave
  3394 | D:5      | Killed Pikel
  3394 | D:5      | Reached XP level 7. HP: 53/56 MP: 9/11
  3420 | D:5      | Bought a scroll labeled USIREACANA for 21 gold pieces
  3420 | D:5      | Bought a scroll labeled JIHURR DAOWNU for 21 gold pieces
  3420 | D:5      | Bought a scroll of identify for 42 gold pieces
  3495 | D:5      | Reached XP level 8. HP: 63/63 MP: 12/12
  3727 | D:5      | Reached * piety under Qazlal
  3756 | D:5      | Found Kaschy's Book Boutique.
  3782 | D:5      | Found an iron altar of Okawaru.
  4437 | D:5      | Found Apatee's Gadget Shop.
  4491 | D:5      | Found Pufrinn's Food Boutique.
  4643 | D:5      | Found Rekkoov's Jewellery Shoppe.
  4970 | D:6      | Reached XP level 9. HP: 67/69 MP: 14/14
  5267 | D:6      | Noticed Eustachio
  5484 | D:5      | Killed Eustachio
  5484 | D:5      | Reached ** piety under Qazlal
  5693 | D:6      | Found a shimmering blue altar of Sif Muna.
  5878 | D:6      | Found a staircase to the Ecumenical Temple.
  5887 | Temple   | Entered the Ecumenical Temple
  6189 | D:6      | Found a stormy altar of Qazlal.
  6436 | D:7      | Found a sacrificial altar of Ru.
  6477 | D:7      | Found a shimmering altar of Xom.
  6591 | D:7      | Reached skill level 5 in Invocations
  6722 | D:7      | Reached XP level 10. HP: 74/77 MP: 17/17
  6752 | D:7      | Identified a scroll of acquirement
  6753 | D:7      | Got a warped executioner's axe
  6759 | D:7      | Identified the +0 executioner's axe "Sewaz" {chop, rF+ rC-
                  | rN+ MR+} (You acquired it on level 7 of the Dungeon)
  6794 | D:7      | Found a radiant altar of Vehumet.
  7158 | D:7      | Reached *** piety under Qazlal
  7821 | D:8      | Noticed Gastronok
  7829 | D:7      | Reached skill level 5 in Short Blades
  7829 | D:7      | Reached skill level 5 in Long Blades
  7829 | D:7      | Reached skill level 5 in Axes
  7829 | D:7      | Reached skill level 5 in Maces & Flails
  7829 | D:7      | Reached skill level 5 in Polearms
  7829 | D:7      | Reached skill level 5 in Staves
  7829 | D:7      | Reached skill level 5 in Slings
  7829 | D:7      | Reached skill level 5 in Bows
  7829 | D:7      | Reached skill level 5 in Crossbows
  7829 | D:7      | Reached skill level 5 in Dodging
  7829 | D:7      | Reached skill level 5 in Stealth
  7829 | D:7      | Reached skill level 5 in Shields
  7829 | D:7      | Reached skill level 5 in Unarmed Combat
  7829 | D:7      | Reached skill level 5 in Spellcasting
  7829 | D:7      | Reached skill level 5 in Evocations
  8161 | D:8      | Killed Gastronok
  8161 | D:8      | Reached skill level 13 in Armour
  8302 | D:8      | Noticed Grum
  8321 | D:8      | Slain by a wolf

Levels and vault maps discovered:
D:1:      evilmike_arrival_hilbert_curve, layout_loops_ring, st_stairs_7
D:2:      layout_basic, kennysheep_vampire_church
D:3:      layout_rooms, nicolae_overflow_hidden_temple, minmay_crystal_water
D:4:      layout_loops_ring, old_standard_altar, first_ration,
          nicolae_qazlal_style_of_elements
D:5:      layout_loops_ring, okawaru_trees_1, serial_shops,
          nicolae_shop_waterfront, kennysheep_little_box,
          nicolae_shop_overgrown_old_shop, shop, shop,
          nicolae_ru_sacrificial_ziggurat, uniq_pikel
D:6:      layout_cave_pools, led_sif_book, kennysheep_mini_moat,
          lemuel_temple_firewalk_b, uniq_eustachio
D:7:      layout_basic, xom_butterflies, vehumet_altar_wand_db, basic_altar,
          lightli_ossuary_entry_decrepit_ruins
D:8:      layout_rooms, david_lair_shrubbed, enter_bailey_2, basic_altar,
          minmay_fire_ice_demons, uniq_grum, uniq_joseph, uniq_gastronok
Temple:   compressed_dpeg_triangle_lava_temple

Skill      XL: |  1  2  3  4  5  6  7  8  9 10 |
---------------+-------------------------------+-----
Armour         | 13 | 13.0
Invocations    | 1 2 3 4 5 6 |  6.1
Short Blades   | 1 2 3 4 5 |  5.5
Long Blades    | 1 2 3 4 5 |  5.5
Axes           | 1 2 3 4 5 |  5.5
Maces & Flails | 1 2 3 4 5 |  5.5
Polearms       | 1 2 3 4 5 |  5.5
Staves         | 1 2 3 4 5 |  5.5
Slings         | 1 2 3 4 5 |  5.5
Bows           | 1 2 3 4 5 |  5.5
Crossbows      | 1 2 3 4 5 |  5.5
Dodging        | 1 2 3 4 5 |  5.5
Stealth        | 1 2 3 4 5 |  5.5
Shields        | 1 2 3 4 5 |  5.5
Unarmed Combat | 1 2 3 4 5 |  5.5
Spellcasting   | 1 2 3 4 5 |  5.5
Evocations     | 1 2 3 4 5 |  5.5
Conjurations   | 1 2 3 4 |  4.6
Hexes          | 1 2 3 4 |  4.6
Charms         | 1 2 3 4 |  4.6
Summonings     | 1 2 3 4 |  4.6
Necromancy     | 1 2 3 4 |  4.6
Translocations | 1 2 3 4 |  4.6
Transmutations | 1 2 3 4 |  4.6
Fire Magic     | 1 2 3 4 |  4.6
Ice Magic      | 1 2 3 4 |  4.6
Air Magic      | 1 2 3 4 |  4.6
Earth Magic    | 1 2 3 4 |  4.6
Poison Magic   | 1 2 3 4 |  4.6
Fighting       | 5 6 7 |  7.3
Throwing       | 5 6 7 |  7.3

Action                   |  1- 3 |  4- 6 |  7- 9 | 10-12 || total
-------------------------+-------+-------+-------+-------++-------
Melee: Club              |    49 |       |       |       ||    49
       Dagger            |    16 |       |       |       ||    16
       Short sword       |     7 |       |       |       ||     7
       Bite              |    10 |    29 |    78 |    13 ||   130
       Whip              |    53 |   332 |   765 |       ||  1150
       Punch             |       |     2 |       |       ||     2
       Executioner's axe |       |       |       |   105 ||   105
Throw: Stone             |    50 |     2 |    75 |       ||   127
       Dart              |       |       |       |    16 ||    16
  Use: Scroll            |       |     1 |    19 |     3 ||    23
       Potion            |       |       |     1 |     1 ||     2
  Eat: Chunk             |     1 |     7 |     6 |     2 ||    16
       Ration            |       |       |     2 |     1 ||     3
Armor: Scale mail        |    89 |   268 |    78 |       ||   435
       Plate armour      |       |       |   363 |   165 ||   528
       Skin              |       |       |     1 |       ||     1
Dodge: Dodged            |    79 |   227 |   278 |    94 ||   678
Block: Buckler           |       |    24 |   434 |       ||   458
       Reflection        |       |       |     4 |       ||     4
       Other             |       |       |       |    88 ||    88

Table legend:
 A = Non-vault XP
 B = Vault XP
 C = Vault XP percentage of total XP
 D = Non-vault monster count
 E = Vault monster count
 F = Vault count percentage of total count
                 A         B        C        D         E       F
            +---------+---------+-------+---------+---------+-------
      Total |    5129 |    3392 |  39.8 |     169 |      18 |   9.6
            +---------+---------+-------+---------+---------+-------
        D:1 |      22 |       4 |  15.4 |      12 |       2 |  14.3
        D:2 |      67 |     183 |  73.2 |      26 |      10 |  27.8
        D:3 |     104 |       0 |   0.0 |      22 |       0 |   0.0
        D:4 |     102 |       0 |   0.0 |       9 |       0 |   0.0
        D:5 |    1343 |     854 |  38.9 |      36 |       2 |   5.3
        D:6 |     721 |      73 |   9.2 |      25 |       2 |   7.4
        D:7 |    2046 |       2 |   0.1 |      32 |       1 |   3.0
        D:8 |     724 |    2276 |  75.9 |       7 |       1 |  12.5
            +---------+---------+-------+---------+---------+-------
